 Dungeon Crawl Stone Soup version 0.24-a0-408-gcc1054c7ca (webtiles) character file.

Game seed: 11457362181513183623

178 Peloso the Shield-Bearer (level 5, 0/47 HPs)
             Began as a Minotaur Fighter on June 5, 2019.
             Slain by an orc wizard
             ... wielding a +0 dagger of electrocution
              (20 damage)
             ... on level 3 of the Dungeon.
             The game lasted 00:03:22 (1698 turns).

Peloso the Shield-Bearer (Minotaur Fighter)         Turns: 1698, Time: 00:03:23

Health: 0/47       AC:  7    Str: 21    XL:     5   Next: 32%
Magic:  4/4        EV:  8    Int:  5    God:
Gold:   98         SH:  9    Dex: 10    Spells: 4/4 levels left

rFire    . . .     SeeInvis .   a - +0 long sword
rCold    . . .     Gourm    .   c - +0 shield
rNeg     . . .     Faith    .   b - +0 scale mail
rPois    .         Spirit   .   (helmet restricted)
rElec    .         Reflect  .   (no cloak)
rCorr    +         Harm     .   (no gloves)
MR       .....                  (no boots)
Stlth    ..........             (no amulet)
HPRegen  0.15/turn              j - ring of resist corrosion
MPRegen  0.09/turn              (no ring)

@: no status effects
A: retaliatory headbutt, horns 2
a: no special abilities


You were on level 3 of the Dungeon.
You were hungry.

You visited 1 branch of the dungeon, and saw 3 of its levels.

You collected 98 gold pieces.

Inventory:

Hand Weapons
 a - a +0 long sword (weapon)
 o - a +4 spear of flaming
Armour
 b - a +0 scale mail (worn)
 c - a +0 shield (worn)
Jewellery
 j - a ring of resist corrosion (left hand)
Scrolls
 k - 3 scrolls of remove curse {unknown}
 l - 2 scrolls of enchant weapon {unknown}
 m - a scroll of magic mapping {unknown}
 p - 2 scrolls of identify {unknown}
 q - a scroll of enchant armour {unknown}
 r - a scroll of teleportation {unknown}
 u - a scroll of fear {unknown}
Potions
 d - 2 potions of might
 e - a potion of cancellation {unknown}
 g - a potion of degeneration {unknown}
 h - 2 potions of curing {unknown}
 i - a potion of flight {unknown}
 n - a potion of resistance {unknown}
 s - a potion of mutation {unknown}
 t - a potion of haste {unknown}
Comestibles
 f - 4 rations


   Skills:
 + Level 4.4 Fighting
 + Level 4.2 Long Blades
 + Level 4.5 Armour
 + Level 1.3 Dodging
 + Level 4.7 Shields


You had 4 spell levels left.
You didn't know any spells.
Your spell library was empty.

Dungeon Overview and Level Annotations

Branches:
Dungeon (3/15)

Altars:
Hepliaklqana
Kikubaaqudgha
The Shining One


Innate Abilities, Weirdness & Mutations

You reflexively headbutt those who attack you in melee.
You have a pair of horns on your head.


Message History

An orc wizard comes into view.
It is wielding a +0 dagger of electrocution.
You see here a +0 falchion.
You block the bat's attack. The bat hits you but does no damage.
The bat hits you. The bat hits you but does no damage.
You closely miss the bat. Your headbutt misses the bat.
You block the bat's attack. The bat barely misses you.
You riposte.
You closely miss the bat. You headbutt the bat.
You kill the bat!
The orc falls through a shaft!
The shaft crumbles and collapses.
You hit the orc. You headbutt the orc.
You kill the orc!
You block the orc wizard's attack.
Things that are here:
a +0 hand axe; a +0 leather armour You closely miss the orc wizard.
You block the orc wizard's attack.
You closely miss the orc wizard.
The orc wizard hits you with a +0 dagger of electrocution.
You are electrocuted!!
You die...

#########.# #......##.# #
#.####.##.## #.
#.#........... #.
#####.#..###.#....
##..#####........# #.....#
#...............######...#
#..o# #.#.......# ##..#
##...o###@#.#####.# #..#
........#o#.# #># #..#
..>.....)o..# #.# ##...
........###.# #.####.).#
......### #.#####.#......#
.#...# #.......#......#
#.... ####.####)###.##
###. #.# #...##.†. # #.#
#........


You could see an orc wizard and an orc.

Vanquished Creatures
  Jessica (D:3)
  Robin (D:2)
  5 adders
  5 worms
  A dart slug (D:2)
  4 leopard geckos
  2 orcs (D:3)
  2 ball pythons
  13 bats
  2 giant cockroaches (D:1)
  14 goblins
  5 hobgoblins
  4 jackals (D:1)
  6 frilled lizards
  6 kobolds
  A rat (D:1)
72 creatures vanquished.

Notes
Turn   | Place    | Note
-------+----------+-------------------------------------------
     0 | D:1      | Peloso the Minotaur Fighter began the quest for the Orb.
     0 | D:1      | Reached XP level 1. HP: 19/19 MP: 0/0
   270 | D:1      | Reached XP level 2. HP: 27/27 MP: 1/1
   678 | D:1      | Reached XP level 3. HP: 31/33 MP: 2/2
   857 | D:2      | Found a hazy altar of Hepliaklqana.
   995 | D:2      | Noticed Robin
  1007 | D:2      | Killed Robin
  1013 | D:2      | Reached XP level 4. HP: 31/40 MP: 3/3
  1237 | D:2      | Found a glowing golden altar of the Shining One.
  1271 | D:2      | Reached skill level 1 in Dodging
  1350 | D:2      | Found an ancient bone altar of Kikubaaqudgha.
  1623 | D:3      | Reached XP level 5. HP: 27/47 MP: 4/4
  1632 | D:3      | Noticed Jessica
  1645 | D:3      | Killed Jessica
  1698 | D:3      | Slain by an orc wizard

Levels and vault maps discovered:
D:1:      saegor_arrival_under_anarchy, layout_basic
D:2:      layout_loops_ring, tso_oasis_becter, nicolae_overflow_crystal_walls,
          lemuel_doored_altar, uniq_robin
D:3:      layout_loops_ring, uniq_jessica

Skill      XL: |  1  2  3  4  5 |
---------------+----------------+-----
Fighting       | 4 |  4.4
Long Blades    | 3 4 |  4.2
Shields        | 4 |  4.7
Armour         | 4 |  4.5
Dodging        | 1 |  1.3

Action                   |  1- 3 |  4- 6 || total
-------------------------+-------+-------++-------
Melee: Long sword        |    97 |    82 ||   179
       Headbutt          |    13 |    17 ||    30
  Eat: Chunk             |       |     2 ||     2
Armor: Scale mail        |    57 |    44 ||   101
Dodge: Dodged            |    29 |    27 ||    56
Block: Shield            |    74 |    58 ||   132
       Rpst.: Long sword |     6 |     7 ||    13

Table legend:
 A = Non-vault XP
 B = Vault XP
 C = Vault XP percentage of total XP
 D = Non-vault monster count
 E = Vault monster count
 F = Vault count percentage of total count
                 A         B        C        D         E       F
            +---------+---------+-------+---------+---------+-------
      Total |     182 |      73 |  28.6 |      59 |      13 |  18.1
            +---------+---------+-------+---------+---------+-------
        D:1 |      41 |       0 |   0.0 |      24 |       0 |   0.0
        D:2 |     107 |      36 |  25.2 |      27 |      12 |  30.8
        D:3 |      34 |      37 |  52.1 |       8 |       1 |  11.1
            +---------+---------+-------+---------+---------+-------
